feg, chaotic female vampiric Wizard ---- ---- --- --..----------..---------- --- -- --.-- --......................... ----*-- ---.-- |...| |........-----.*....---...| --....(---.|...--- --..-----------........|-.....[%........| -- # |II......>.......-- |...--.--.-|.%%..(%.- |...| --.......-.--- .-. #I@I...............| --.........|<---...----...| |............| ...| # -I..-...........-- --- --..........| |..-- |...-- |.....^...--.---..- .----..........----- --.-- --..^..%...-- |.-..#....| |-...........(...- --..---.--...---- |...| |...[.....).- |.%..--...| -...............-| |........-.--- |..-- |...-........#..-.....--- |..---.--.[--.....-- ......--..| --.|---.---|.....-- |.....| --. -----.-|...*..-- -........|-- -- |.||...| ---...| --....- -- # *.-......| ---..........| .| --.--.--- |..-| ---.-. |......-- |...............--- |.....| --..-- --..| -----...|---.--...--.........| |..---- |...| |...| --..--...|--..|-----........| ---- |..-- --..| --....--- ---- --.....-- ---- |.-- ---...| ...| --- --.-- .| --- -- feg the Thaumaturge Experience level: 6 Strength: 6 Dexterity: 12 Constitution: 15 Intelligence: 18 Wisdom: 11 Charisma: 9 Health: 0(51) Energy: 77(77) AC: 3 Gold: 409 Moves: 3028 Your Inventory: Coins $ - 409 gold pieces Weapons a - a blessed +1 quarterstaff (weapon in hands) u - an [uncursed +0] spear z - an [uncursed +0] curved sword [scimitar] H - an [uncursed +0] bow I - an [uncursed +0] runed dagger [elven] Armor b - an uncursed +0 cloak of magic resistance (being worn) D - a [blessed] +1 leather armor [of telepathy] E - a cursed -1 pair of riding boots [kicking] (being worn) L - a cursed -2 dwarvish mithril-coat (being worn) M - an [uncursed] +0 hard hat [dwarvish iron helm] (being worn) Scrolls F - a [cursed] scroll of create monster Spellbooks l - a blessed spellbook of force bolt m - a blessed spellbook of haste self Rings d - a cursed ring of polymorph control (on right hand) e - a cursed ring of teleportation B - an uncursed +1 ring of increase damage (on left hand) Wands c - a cursed wand of sleep (0:7) Tools n - an uncursed blindfold x - a [cursed] key [skeleton key] Gems o - a [cursed] yellowish brown gem [worthless glass] t - an [uncursed] violet gem [worthless glass] J - an [uncursed] white gem [diamond] O - an [uncursed] blue gem [sapphire] P - an [uncursed] green gem [worthless glass] Spells known in the end: Name Level Category Fail Memory a - force bolt 1 attack 94% [|||||||.] b - haste self 3 escape 100% [|||||||.] Your skills at the end: Fighting Skills Weapon Skills quarterstaff [Basic / Expert] Spellcasting Skills attack spells [Basic / Expert] enchantment spells [Basic / Skilled] Final Attributes: You were piously aligned. Hunger level was -12. Your alignment was 24 / 25. Monster difficulty range was 0 - 5. Level difficulty was 5. You were immune to level-drain. You were magic-protected. You were blinded. You could fly. You could survive without air. You had a +1 damage bonus. You regenerated. You had polymorph control. Your luck was zero. You are dead. Vanquished creatures: a rock mole a yellow light a gnome lord a gray ooze 2 giant ants 3 little dogs 2 dwarves a kobold shaman 3 dwarf zombies an acid blob a hobbit 4 manes a large kobold 2 hobgoblins a yellow mold 2 red molds 14 gnomes 2 gnome zombies 4 geckos 7 jackals 3 foxes 4 goblins 3 sewer rats 5 grid bugs 5 lichens 10 newts 84 creatures vanquished. Voluntary challenges: You used a wielded weapon 64 times. You read items or engraved 6 times. You put on armor 12 times. You never genocided any monsters. You never polymorphed an object. You never changed form. You used no wishes. You never wrote Elbereth's name. You never encountered a bones level. You never used any Sokoban shortcuts. Dungeon overview: The Dungeons of Doom: levels 1 to 4 Level 1 a long staircase Level 3 an armor shop Level 4 stairs to The Gnomish Mines The Gnomish Mines: Level 5 <- You were here stairs to The Dungeons of Doom History has recorded: On T:1 you entered the Dungeons of Doom to retrieve the Amulet of Yendor! On T:313 you advanced to experience level 2. On T:624 you reached level 2 of The Dungeons of Doom. On T:627 you advanced to experience level 3. On T:968 you advanced to experience level 4. On T:1393 you advanced to experience level 5. On T:1763 you reached level 3 of The Dungeons of Doom. On T:2236 you reached level 4 of The Dungeons of Doom. On T:2525 you reached level 1 of The Gnomish Mines. On T:2542 you advanced to experience level 6. Latest messages: [2 turns] (5x) You faint from lack of food. The yellow light explodes! You are blinded by a blast of light! It misses. It bites! (3x) [HP-7=44] It bites! (2x) [HP-3=41] It bites! (2x) [HP-8=33] It bites! (4x) [HP-8=25] It bites! (3x) You regain consciousness. [HP-9=16] [11 turns] You faint from lack of food. It bites! (3x) [HP-13=3] It hits! You die... Final status: Goodbye feg the Wizard... You died in The Gnomish Mines on dungeon level 5 with 2057 points, and 409 pieces of gold, after 3028 moves. You were level 6 with a maximum of 51 hit points when you died.